 Dungeon Crawl Stone Soup version 0.31.0-12-g77e489cdc1 (console) character file.

Game seed: 13637054909067070748

284 vatarom the Firebug (level 6, -8/35 HPs)
             Began as a Deep Elf Fire Elementalist on Mar 7, 2024.
             Was an Initiate of Vehumet.
             Mangled by a water moccasin (14 damage)
             ... on level 6 of the Dungeon.
             The game lasted 00:17:41 (3853 turns).

vatarom the Firebug (Deep Elf Fire Elementalist)    Turns: 3853, Time: 00:17:41

Health: -8/35      AC:  3    Str:  5    XL:     6   Next: 7%
Magic:  2/14       EV:  2    Int: 22    God:    Vehumet [......]
Gold:   224        SH:  0    Dex: 15    Spells: 3/13 levels left

rFire   . . .        l - +0 dagger
rCold   . . .        (no shield)
rNeg    . . .        a - +0 robe
rPois   .            (no helmet)
rElec   .            (no cloak)
rCorr   .            (no gloves)
SInv    +            e - +0 pair of boots
Will    .....        (no amulet)
Stlth   ++           c - ring of see invisible
HPRegen 0.25/turn    (no ring)
MPRegen 0.14/turn

%: no passive effects
@: about to teleport, sleeping
A: no striking features
a: Renounce Religion


You were on level 6 of the Dungeon.
You worshipped Vehumet.
Vehumet was noncommittal.
You visited 1 branch of the dungeon, and saw 6 of its levels.

You collected 224 gold pieces.

Inventory:

Hand Weapons
 l - a +0 dagger (weapon)
Armour
 a - a +0 robe (worn)
 e - a +0 pair of boots (worn)
Jewellery
 c - a ring of see invisible (left hand)
 h - a +6 ring of strength
Wands
 m - a wand of flame (3)
 o - a wand of mindburst (9)
Scrolls
 d - a scroll of teleportation
 g - a scroll of summoning
 j - a scroll of enchant armour
 k - a scroll of identify
Potions
 b - a potion of magic
 f - a potion of curing
 i - a potion of attraction
 n - a potion of mutation


   Skills:
 + Level 2.0 Fighting
 + Level 3.5 Dodging
 - Level 2.4 Stealth
 + Level 4.2 Spellcasting
 * Level 3.6 Conjurations
 * Level 4.6 Fire Magic


You had 3 spell levels left.
You knew the following spells:

 Your Spells              Type           Power      Damage    Failure   Level
a - Foxfire               Conj/Fire      88%        2x1d8     1%          1
b - Scorch                Fire           50%        2d7       2%          2
c - Volatile Blastmotes   Fire/Tloc      28%        2d12      13%         3
d - Flame Wave            Conj/Fire      22%        2d8       21%         4

Your spell library contained the following spells:

 Spells                   Type           Power      Damage    Failure   Level
 Sting                    Conj/Alch      48%        1d6       5%          1
 Apportation              Tloc           8%         N/A       11%         1
 Inner Flame              Hex/Fire       14%        N/A       13%         3
 Ensorcelled Hibernation  Hex/Ice        8%         N/A       17%         2
 Jinxbite                 Hex            8%         N/A       17%         2
 Mercury Vapours          Alch/Air       8%         N/A       17%         2
 Fugue of the Fallen      Necr           4%         N/A       32%         3
 Anguish                  Hex/Necr       2%         N/A       73%         4
 Olgreb's Toxic Radiance  Alch           4%         N/A       73%         4
 Alistair's Intoxication  Alch           2%         N/A       97%         5


Dungeon Overview and Level Annotations

Branches:
Dungeon (7/15)
 Temple: D:4-7

Altars:
Fedhas
Vehumet


Message History

The sleepcap is heavily damaged.
The sleepcap attacks as it pursues you! The sleepcap closely misses you.
Casting: Foxfire (safe; 1% risk of failure)
Confirm with . or Enter, or press ? or * to list all spells.
You conjure some foxfire!
The foxfire hits the ufetubus.
The ufetubus is heavily wounded.
The sleepcap releases spores at you.
You are engulfed in a cloud of soporific spores!
You fall asleep.
The foxfire hits the ufetubus.
The ufetubus is burned terribly!
The ufetubus is severely wounded.
The sleepcap releases spores at you but does no damage.
The ufetubus slips past you! The ufetubus hits you!
You wake up.
The ufetubus barely misses you. The ufetubus completely misses you.
The ufetubus closely misses you. The ufetubus closely misses you.
The ufetubus barely misses you. The ufetubus misses you.
The ufetubus hits you but does no damage.
The ufetubus closely misses you. The ufetubus barely misses you.
The ufetubus hits you but does no damage. x2
The ufetubus slips past you!
The ufetubus hits you but does no damage. x2
You hit the ufetubus.
The ufetubus is severely wounded.
The ufetubus barely misses you.
The ufetubus hits you. x2; The ufetubus misses you.
The sleepcap releases spores at you. The ufetubus hits you.
The ufetubus closely misses you. x3
You closely miss the ufetubus.
The ufetubus is severely wounded.
The sleepcap releases spores at you.
* * * LOW HITPOINT WARNING * * *
The ufetubus closely misses you.
The ufetubus misses you. x2; The ufetubus barely misses you.
The water moccasin barely misses you.
Unknown command.
As you read the scroll of teleportation, it crumbles to dust.
You feel strangely unstable.
The ufetubus closely misses you. x2; The ufetubus hits you.
* * * LOW HITPOINT WARNING * * *
The ufetubus completely misses you. The sleepcap releases spores at you.
* * * LOW HITPOINT WARNING * * *
You are engulfed in a cloud of soporific spores!
You fall asleep.
The water moccasin bites you!
You die...

#.# ........# #.# .......#
#.# ......# #.# #.....# #.#
#.....# #.# #.....#
#>######## #####.....#
#.##.....# ########....######
#.##.....# #..)..##....#
#.##.....####.5...##....##..
#..'........5@S...'..........
####.....####.f...##....##...
####### #.....##....# ...
#.....##....# ..
#.....##....# $ #.....##....#
#.......<....# #....#+##.....


You could see a water moccasin, a sleepcap and 2 ufetubi.

Vanquished Creatures
  A bombardier beetle (D:3)
  A hound (D:4)
  An orc priest (D:3)
  A sleepcap (D:6)
  7 adders
  3 gnolls (D:3)
  A ribbon worm (D:3)
  2 orcs (D:3)
  7 ball pythons
  8 bats
  6 endoplasms
  4 giant cockroaches
  3 goblins (D:2)
  6 hobgoblins
  3 jackals (D:4)
  2 quokkas
  4 frilled lizards
  9 kobolds
  6 rats
75 creatures vanquished.

Vanquished Creatures (others)
  163 foxfires
163 creatures vanquished.

Grand Total: 238 creatures vanquished

Notes
Turn   | Place    | Note
-------+----------+-------------------------------------------
     0 | D:1      | vatarom the Deep Elf Fire Elementalist began the quest for
                  | the Orb.
     0 | D:1      | Reached XP level 1. HP: 10/10 MP: 6/6
   181 | D:1      | Reached XP level 2. HP: 16/16 MP: 5/8
   385 | D:1      | Learned a level 2 spell: Scorch
  1045 | D:2      | Reached XP level 3. HP: 20/20 MP: 6/9
  1048 | D:2      | Reached skill level 1 in Fighting
  1100 | D:2      | Learned a level 3 spell: Volatile Blastmotes
  1819 | D:2      | Found a faded altar of an unknown god.
  2157 | D:3      | Reached XP level 4. HP: 25/25 MP: 8/11
  2405 | D:3      | Learned a level 4 spell: Flame Wave
  2566 | D:3      | Reached XP level 5. HP: 30/30 MP: 3/12
  2750 | D:3      | Found a radiant altar of Vehumet.
  2972 | D:3      | Became a worshipper of Vehumet
  3515 | D:3      | Found a blossoming altar of Fedhas.
  3743 | D:4      | You fall into a shaft and drop 3 floors!
  3761 | D:6      | Noticed a water moccasin
  3836 | D:6      | Reached XP level 6. HP: 35/35 MP: 5/14
  3853 | D:6      | Mangled by a water moccasin

Illustrated notes

Levels and vault maps discovered:
D:1:      eino_arrival_cavern_c, layout_loops_ring
D:2:      layout_basic, ebering_ecumenical_altar_ruins,
          kennysheep_generic_room_8
D:3:      layout_basic, fedhas_altar_fruit_tree, vehumet_altar_wand_db,
          minmay_pentomino_pile
D:4:      layout_basic, due_unseen_surprise
D:6:      layout_basic, nicolae_overflow_two_pavilions, kennysheep_nondescript,
          minivault_4, kennysheep_generic_room_5, uniq_pikel, uniq_maggie
D:7:      layout_basic, mainiacjoe_overflow_alcove_2,
          hellmonk_sif_muna_bookshelves

Skill      XL: |  1  2  3  4  5 |
---------------+----------------+-----
Conjurations   | 2 3 |  3.6
Fighting       | 1 2 |  2.0
Dodging        | 3 |  3.5
Fire Magic     | 4 |  4.6
Spellcasting   | 4 |  4.2
Stealth        | |  2.4

Action                     |  1- 3 |  4- 6 || total
---------------------------+-------+-------++-------
  Melee: Unarmed           |    20 |     4 ||    24
         Dagger            |       |     2 ||     2
   Cast: Foxfire           |    64 |    55 ||   119
         Volatile Blastmot |     5 |     5 ||    10
         Scorch            |       |     3 ||     3
         Flame Wave        |       |     3 ||     3
    Use: Scroll            |     8 |     6 ||    14
         Potion            |     4 |     1 ||     5
 Armour: Robe              |    23 |    31 ||    54
  Dodge: Dodged            |    26 |    46 ||    72
